 Dungeon Crawl Stone Soup version 0.27-a0-1196-g3e9cee4cb2 (webtiles) character file.

Game seed: 16836532813487492945

139 porpoise the Conjurer (level 5, -3/26 (28) HPs)
             Began as a Deep Elf Conjurer on May 27, 2021.
             Slain by a wight
             ... wielding a +0 battleaxe
              (14 damage)
             ... on level 4 of the Dungeon on May 28, 2021.
             The game lasted 00:07:46 (3082 turns).

porpoise the Conjurer (Deep Elf Conjurer)           Turns: 3082, Time: 00:07:56

HP:   -3/26 (28)    AC:  3    Str:  4    XL:     5   Next: 1%
MP:   9/14          EV: 12    Int: 24    God:
Gold: 190           SH:  0    Dex: 13    Spells: 3/14 levels left

rFire    . . .     SeeInvis .   a - +2 dagger (venom)
rCold    . . .     Faith    .   (no shield)
rNeg     . . .     Spirit   .   m - +0 robe
rPois    .         Reflect  .   o - +0 helmet
rElec    .         Harm     .   (no cloak)
rCorr    .         Rampage  .   (no gloves)
Will     .....                  (no boots)
Stlth    ++........             (no amulet)
HPRegen  0.08/turn              (no ring)
MPRegen  0.14/turn              (no ring)

@: drained
A: no striking features
a: no special abilities


You were on level 4 of the Dungeon.
You visited 1 branch of the dungeon, and saw 4 of its levels.

You collected 190 gold pieces.

Inventory:

Hand Weapons
 a - a +2 dagger of venom (weapon)
Missiles
 e - 23 bolts
 g - 63 arrows
 n - 5 stones
 r - 4 boomerangs
Armour
 m - a +0 robe (worn)
 o - a +0 helmet (worn)
Magical Staves
 q - a staff of fire
Scrolls
 b - a scroll of vulnerability {unknown}
 c - a scroll of noise {unknown}
 d - a scroll of fog {unknown}
 i - 4 scrolls of identify {unknown}
 k - a scroll of magic mapping {unknown}
 p - 2 scrolls of amnesia {unknown}
Potions
 f - 3 potions of curing {unknown}
 h - 2 potions of ambrosia {unknown}
 j - 2 potions of haste {unknown}
 l - a potion of attraction {unknown}


   Skills:
 + Level 0.0 Fighting
 - Level 2.4 Dodging
 - Level 2.4 Stealth
 - Level 5.0 Spellcasting
 + Level 6.0 Conjurations


You had 3 spell levels left.
You knew the following spells:

 Your Spells              Type           Power      Damage    Failure   Level
a - Magic Dart            Conj           100%       1d8       1%          1
b - Searing Ray           Conj           70%        3d5       1%          2
c - Iskenderun's Mystic   Conj/Tloc      20%        2d6       26%         4
d - Fulminant Prism       Conj/Hex       10%        3d9       26%         4

Your spell library contained the following spells:

 Spells                   Type           Power      Damage    Failure   Level
 Dazzling Flash           Conj/Hex       40%        N/A       8%          3


Dungeon Overview and Level Annotations

Branches:
Dungeon (4/15)
 Temple: D:4-7

Altars:
Fedhas
Trog
Beogh


Message History

Aiming: Magic Dart (safe; 1% risk of failure)
Press: ? - help, Shift-Dir - straight line, f - jackal
Aim: a jackal (100% to hit)
The magic dart hits the jackal.
The jackal is heavily wounded.
The jackal bites you but does no damage.
You hit the jackal but do no damage.
The jackal is poisoned.
The jackal is heavily wounded.
The jackal bites you but does no damage.
You barely miss the jackal.
The jackal is almost dead.
You kill the jackal!
You have reached level 5!
You start resting.
Magic restored.
The goblin shouts!
A wight comes into view. It is wielding a +7 great sword.
There is an open door here.
Casting: Magic Dart (safe; 1% risk of failure)
Confirm with . or Enter, or press ? or * to list all spells.
Aiming: Searing Ray (safe; 1% risk of failure)
Press: ? - help, Shift-Dir - straight line The searing ray hits the wight!
The wight is severely damaged. (Press . to maintain the ray.)
The ball python hisses angrily.
The searing ray misses the wight.
The searing ray hits the goblin!
You kill the goblin!
The searing ray hits the wight but does no damage.
The wight is severely damaged.
The searing ray misses the ball python.
The wight hits you with a +0 battleaxe!
You feel drained.
The searing ray misses the wight.
The searing ray hits the ball python!
You kill the ball python!
You finish channeling your searing ray.
You hear a shout!
A goblin comes into view. It is wielding a +0 dagger.
The wight hits you with a +0 battleaxe!
Ouch! That really hurt!
You die...

#.# #.# #.# #.#
#.# ###.# #..<#
#.### #@#
........z.zg...
.....#####.....
#... ...# ##.
.## # #


You could see 2 wights and a goblin.

Vanquished Creatures
  An orc priest (D:3)
  Jessica (D:2)
  2 adders
  A worm (D:3)
  3 orcs (D:3)
  9 endoplasms
  A giant cockroach (D:3)
  9 goblins
  3 hobgoblins
  7 jackals
  2 quokkas (D:3)
  4 ball pythons
  2 bats (D:3)
  5 frilled lizards
  2 kobolds
  5 rats
57 creatures vanquished.

Notes
Turn   | Place    | Note
-------+----------+-------------------------------------------
     0 | D:1      | porpoise the Deep Elf Conjurer began the quest for the Orb.
     0 | D:1      | Reached XP level 1. HP: 10/10 MP: 6/6
   128 | D:1      | Found a faded altar of an unknown god.
   444 | D:1      | Reached XP level 2. HP: 15/15 MP: 6/8
   465 | D:1      | Learned a level 2 spell: Searing Ray
   589 | D:1      | Reached skill level 5 in Conjurations
  1209 | D:2      | Reached XP level 3. HP: 19/19 MP: 7/10
  1715 | D:2      | Noticed Jessica
  1717 | D:2      | Killed Jessica
  1926 | D:3      | Reached XP level 4. HP: 24/24 MP: 8/12
  2389 | D:3      | Found a bloodstained altar of Trog.
  2570 | D:3      | Found a blossoming altar of Fedhas.
  2668 | D:3      | Reached skill level 5 in Spellcasting
  2668 | D:3      | Reached skill level 6 in Conjurations
  3044 | D:4      | Learned a level 4 spell: Iskenderun's Mystic Blast
  3049 | D:4      | Learned a level 4 spell: Fulminant Prism
  3063 | D:4      | Reached XP level 5. HP: 28/28 MP: 12/14
  3082 | D:4      | Slain by a wight

Illustrated notes

Levels and vault maps discovered:
D:1:      sevenhm_arrival_forest_fort_large_2, layout_loops_ring,
          hellmonk_ecumenical_altar_arch_garden, fountainhead
D:2:      layout_loops_ring, uniq_jessica
D:3:      layout_basic, bloody_trog, nicolae_overflow_hidden_temple,
          kennysheep_orc_chapel
D:4:      minmay_octagon_keep, layout_basic, zin_statuary,
          nicolae_overflow_crystal_walls, chequers_serial_rivers_micro_e,
          corexii_item_surrounded_by_moat, uniq_ijyb

Skill      XL: |  1  2  3  4 |
---------------+-------------+-----
Conjurations   | 5 6 |  6.0
Spellcasting   | 4 5 |  5.0
Dodging        | |  2.4
Stealth        | |  2.4

Action                   |  1- 3 |  4- 6 || total
-------------------------+-------+-------++-------
Melee: Dagger            |       |     5 ||     5
 Cast: Magic Dart        |    43 |    14 ||    57
       Searing Ray       |     3 |    10 ||    13
 Stab: Sleeping          |       |     2 ||     2
Armor: Robe              |       |     3 ||     3
Dodge: Dodged            |       |     4 ||     4

Table legend: (Time is in decaauts)
 A = Elapsed time spent in this place.
 B = Non-inter-level travel time spent in this place.
 C = Inter-level travel time spent in this place.
 D = Time resting spent in this place.
 E = Time spent auto-exploring this place.
 F = Levels seen in this place.
 G = Mean time per level.
                   A        B        C        D        E       F      G
               +--------+--------+--------+--------+--------+-----+--------+
         Total |   3080 |   2906 |    174 |    805 |   1773 |   4 |  770.0 |
       Dungeon |   3080 |   2906 |    174 |    805 |   1773 |   4 |  770.0 |
               +--------+--------+--------+--------+--------+-----+--------+

Top non-repeatable levels by time:
     D:3: 1176 daAuts
     D:1: 1061 daAuts
     D:2: 798 daAuts
     D:4: 43 daAuts
